Map: 2000 Atmospheres LE

Players

MrTerribad

  • Race: Terran Terran
  • League: Diamond

ViBE - Winner!

  • Race: Zerg Zerg
  • League: Diamond

VOD

Have the link to the VOD?

Description

Time

  • Played on: April 11, 2021, 12:29 a.m.
  • Length: 6:44
Show
View Real Time Build Order
Export as new Build Order

MrTerribad Terran 

Build Orders: Reaper Expand 

Get SALT Encoding   

  12  0:02  SCV  
  13  0:15  SCV  
  13  0:19  Supply Depot  
  14  0:27  SCV  
  15  0:41  SCV  
  16  0:42  Barracks  
  16  0:48  Refinery  
  16  0:53  SCV  
  17  1:05  SCV  
  18  1:17  SCV  
  19  1:30  Orbital Command  
  19  1:32  Reaper  
  20  1:49  Command Center  
  20  1:56  SCV  
  20  1:57  Supply Depot  
  21  2:05  Marine  
  22  2:08  SCV  
  23  2:18  Factory  
  23  2:21  Refinery, SCV  
  24  2:32  Barracks Reactor  
  24  2:55  SCV  
  25  3:05  Starport  
  25  3:07  SCV  
  26  3:18  Orbital Command  
  25  3:29  SCV  
  25  3:30  Hellion x2, Command Center  
  25  3:32  Barracks Tech Lab  
  30  3:41  SCV  
  31  3:48  SCV  
  31  3:53  SCV  
  33  3:56  Hellion, Supply Depot  
  33  4:00  SCV, Hellion  
  38  4:05  SCV  
  39  4:13  SCV  
  39  4:14  Fusion Core  
  40  4:17  SCV  
  40  4:18  Refinery  
  40  4:21  Hellion  
  43  4:25  SCV  
  43  4:26  Supply Depot  
  43  4:28  Hellion  
  43  4:29  SCV  
  47  4:32  Viking  
  49  4:40  Barracks Reactor  
  49  4:49  Supply Depot  
  49  4:51  Supply Depot  
  49  4:53  Orbital Command  
  49  4:57  Supply Depot  
  49  5:07  Battlecruiser  
  49  5:12  Factory Tech Lab  
  55  5:14  Refinery  
  55  5:23  Orbital Command  
  55  5:24  Marine x2  
  57  5:33  Siege Tank  
  56  5:37  Barracks  
  56  5:41  Barracks  
Show
View Real Time Build Order
Export as new Build Order

ViBE Zerg - Winner!

Build Orders: Hatch First, Roach Nydus 

Get SALT Encoding   

  12  0:00  Drone  
  13  0:13  Overlord  
  13  0:18  Drone  
  14  0:31  Drone  
  14  0:32  Drone  
  16  0:38  Drone  
  17  0:52  Hatchery  
  17  0:56  Drone  
  17  0:59  Drone  
  18  1:13  Spawning Pool  
  18  1:14  Drone  
  18  1:19  Drone  
  19  1:29  Drone  
  20  1:36  Extractor  
  19  1:46  Drone  
  20  2:01  Queen  
  20  2:03  Overlord  
  20  2:04  Queen  
  20  2:05  Drone  
  20  2:06  Drone  
  26  2:13  Drone  
  27  2:19  Drone  
  28  2:27  Drone x2  
  30  2:35  Spore Crawler  
  30  2:36  Drone  
  31  2:37  Drone  
  31  2:38  Spore Crawler  
  31  2:42  Spore Crawler  
  29  2:45  Drone  
  29  2:47  Drone  
  34  2:51  Queen, Lair  
  34  2:54  Overlord  
  36  2:59  Overlord  
  36  3:22  Drone  
  36  3:23  Drone x9  
  46  3:27  Roach Warren  
  46  3:29  Evolution Chamber  
  46  3:33  Queen  
  46  3:35  Drone x2, Evolution Chamber  
  46  3:37  Extractor  
  46  3:38  Extractor  
  45  3:49  Drone x2  
  45  3:54  Nydus Network  
  46  4:01  Drone  
  47  4:07  Drone x2  
  47  4:09  Overlord  
  49  4:12  Glial Reconstitution  
  49  4:15  Overlord x3  
  49  4:18  Queen  
  51  4:27  Queen  
  53  4:32  Roach x3  
  53  4:33  Roach  
  53  4:34  Roach  
  63  4:43  Roach x4  
  71  4:52  Nydus Canal  
  71  4:55  Roach x3  
  71  4:59  Queen  
  77  5:04  Queen  
  77  5:05  Overlord  
  81  5:29  Nydus Canal  
  81  5:33  Roach  
  81  5:35  Overlord x2  
  83  6:00  Roach  
  83  6:01  Roach x7  
  83  6:02  Nydus Canal  
  99  6:10  Roach  
  95  6:25  Overlord x3, Roach  
Tags
 
Add a new tag
Caveats
  • Supply blocks, unpowered buildings, or Contaminate may cause inaccurate times.
  • Supply counts are checked every 10 seconds.